 Dungeon Crawl Stone Soup version 0.17-a0-146-gd505748 (webtiles) character file.

25058 DEFE the Slicer (level 13, -6/90 HPs)
             Began as a Halfling Warper on Mar 25, 2015.
             Was a Believer of Ashenzari.
             Mangled by an orc warrior
             ... wielding a cursed -2 scimitar
              (12 damage)
             ... on level 11 of the Dungeon.
             The game lasted 01:04:07 (20707 turns).

DEFE the Slicer (Halfling Warper)                  Turns: 20707, Time: 01:04:08

Health: -6/90      AC: 11    Str: 13    XL:     13   Next: 47%
Magic:  23/23      EV: 22    Int: 13    God:    Ashenzari [**....]
Gold:   736        SH:  0    Dex: 16    Spells: 3 memorised, 10 levels left

rFire  + . .     SeeInvis .     L - +1 rapier (curse)
rCold  . . .     Clarity  .     y - +0 leather armour {rPois}
rNeg   . . .     SustAb   .     (shield restricted)
rPois  +         Gourm    .     A - +1 helmet
rElec  .         Spirit   .     (no cloak)
rCorr  .         Warding  .     S - +2 pair of gloves (curse)
rMut   .         Stasis   .     s - +0 pair of boots
MR     .....                    v - amulet of rage (curse)
Stlth  +.........               (no ring)
                                g - ring of protection from fire

@: confused, not resistant to hostile enchantments, very unstealthy
A: mutation resistance 1
a: Renounce Religion, Evoke Berserk Rage


You were on level 11 of the Dungeon.
You worshipped Ashenzari.
Ashenzari was pleased with you.
You were hungry.

You visited 2 branches of the dungeon, and saw 14 of its levels.
You also visited: Ice Cave.

You collected 736 gold pieces.

Inventory:

Hand weapons
 a - a +0 short sword
 w - a +1 short sword of holy wrath
 L - a cursed +1 rapier (weapon)
Missiles
 l - 3 tomahawks (quivered)
Armour
 b - a +0 leather armour
 j - a cursed +0 chain mail
 m - a +0 robe of cold resistance
 n - a troll hide
 s - a +0 pair of boots (worn)
 y - a +0 leather armour of poison resistance (worn)
 A - a +1 helmet (worn)
 S - a cursed +2 pair of gloves (worn)
Jewellery
 g - a ring of protection from fire (left hand)
 h - an uncursed amulet of resist corrosion
 i - an uncursed amulet of regeneration
 k - an uncursed ring of ice
 q - an uncursed ring of ice
 v - a cursed amulet of rage (around neck)
 F - an uncursed amulet of clarity
 H - an uncursed ring of flight
Magical devices
 p - a wand of flame (31)
 z - a wand of lightning (0)
 I - a wand of digging (19)
 O - a wand of fire (0)
 P - a wand of draining (0)
 U - a wand of confusion (14)
 Z - a wand of magic darts (27)
Scrolls
 d - a scroll of blinking
 e - 8 scrolls of curse armour
 o - a scroll of noise {unknown}
 t - a scroll of enchant weapon
 u - 3 scrolls of curse weapon
 C - a scroll of identify
 D - a scroll of teleportation
 M - a scroll of immolation {unknown}
 R - a scroll of torment {unknown}
 T - a scroll of vulnerability {unknown}
 W - a scroll of enchant armour
Potions
 x - a potion of lignification
 B - 2 potions of restore abilities
 J - 2 potions of flight
 K - a potion of cancellation
 Q - 2 potions of curing
 V - a potion of magic
Books
 c - a book of Spatial Translocations

   Spells                             Type                      Level
   a - Apportation                    Translocation                1
   b - Blink                          Translocation                2
   c - Shroud of Golubria             Charms/Translocation         2
   d - Portal Projectile              Translocation                3
   e - Teleport Other                 Translocation                3
   f - Passage of Golubria            Translocation                4
 X - a book of Annihilations {highlevel, unknown}

   This book is beyond your current level of understanding.

   Spells                             Type                      Level
   a - Poison Arrow                   Conjuration/Poison           6
   b - Chain Lightning                Conjuration/Air              8
   c - Lehudib's Crystal Spear        Conjuration/Earth            8
   d - Glaciate                       Conjuration/Ice              9
   e - Fire Storm                     Conjuration/Fire             9
 Y - a book of Changes

   Spells                             Type                      Level
   a - Beastly Appendage              Transmutation                1
   b - Sticks to Snakes               Transmutation                2
   c - Spider Form                    Transmutation/Poison         3
   d - Ice Form                       Ice/Transmutation            4
   e - Blade Hands                    Transmutation                5
Comestibles
 f - 8 bread rations
 E - a poisonous chunk of flesh
 N - 2 meat rations


   Skills:
 + Level 9.2 Fighting
 - Level 14.2(16.1) Short Blades
 - Level 8.2 Throwing
 + Level 10.3 Armour
 + Level 10.8 Dodging
 - Level 1.5 Spellcasting
 - Level 3.2 Translocations
 + Level 7.0 Evocations


You had 10 spell levels left.
You knew the following spells:

 Your Spells              Type           Power        Failure   Level  Hunger
a - Apportation           Tloc           #.........   10%         1    ##.....
b - Blink                 Tloc           N/A          14%         2    ###....
c - Shroud of Golubria    Chrm/Tloc      #.........   24%         2    ###....


Dungeon Overview and Level Annotations

Branches:
Dungeon (11/15)            Temple (0/1) D:7            Lair (3/8) D:9
    Orc (0/4) D:11
  Swamp: Lair:3-6    Shoals: Lair:3-6     Snake: Lair:3-6    Spider: Lair:3-6

Altars:
Ashenzari
Yredelemnul

Annotations:
D:10 Erolcha


Innate Abilities, Weirdness & Mutations

You are small and have problems with some larger weapons.
You are somewhat resistant to further mutation.


Message History

This wand has 14 charges left.
The orc warrior hits you from afar with a glaive!!
The orc warrior hits you with an enchanted scimitar.
The orc warrior hits you with a scimitar!
* * * LOW HITPOINT WARNING * * *
The orc closely misses the orc warrior.
The orc warrior closely misses you.
Drink which item? (? for menu, Esc to quit)
You are confused.
You feel invigorated.
The orc warrior hits you from afar with a glaive!
* * * LOW HITPOINT WARNING * * *
The orc warrior hits you with an enchanted scimitar!
* * * LOW HITPOINT WARNING * * *
The orc warrior closely misses you.
The orc warrior hits you from afar with a glaive.
* * * LOW HITPOINT WARNING * * *
The orc barely misses the orc warrior.
Unknown command.
The orc warrior hits you with an enchanted scimitar!
You die...

*...$..$ #.......
, , , #......#
+....... ,, ,,
##......# * * * ,
........o####### ,
, #o......### * ,
*#####.#oo........
*
.........@........
* *
#####.#.......###
* * #.#.......# *,
# #.......#
#.......# , , *
#.####### #.# *
#.# ,, , .


You could see 3 orc warriors and an orc (confused).

Vanquished Creatures
  Snorg (Lair:3)
  2 hydras
  The ghost of Ngotmuk the Basher, an experienced MiFi of Cheibriados (D:8)
  2 death yaks (IceCv)
  An ice statue (IceCv)
  The ghost of Emanloe the Cudgeler, an experienced GrBe of Trog (D:6)
  A griffon (Lair:2)
  A hill giant (D:9)
  2 black mambas (Lair:3)
  6 spiny frogs (Lair:3)
  12 polar bears (IceCv)
  2 trolls (D:9)
  6 basilisks
  29 yaks
  5 hippogriffs
  2 hungry ghosts
  4 wolves (IceCv)
  Edmund (D:9)
  4 water moccasins
  An ice beast (D:6)
  5 porcupines
  A black bear (D:7)
  3 orc warriors
  3 centaurs
  A necrophage (D:9)
  2 sky beasts
  6 ogres
  2 phantoms (D:4)
  Duvessa (D:7)
  5 crocodiles
  9 giant frogs
  Blork the orc (D:9)
  3 big kobolds
  A water moccasin skeleton (D:9)
  6 scorpions
  7 killer bees
  A quasit (D:6)
  Dowan (D:7)
  A centaur zombie (D:9)
  7 wights
  3 crimson imps (D:8)
  6 hounds
  2 centaur skeletons
  2 wasp zombies
  3 orc priests
  3 giant frog skeletons
  6 iguanas
  5 jellies
  9 orc wizards
  6 worker ants
  A gnoll shaman (D:6)
  12 sheep (Lair:2)
  Ijyb (D:2)
  Jessica (D:2)
  A hound skeleton (D:6)
  A mummy (D:6)
  26 river rats
  2 worker ant zombies
  22 adders
  10 gnolls
  2 giant mites
  A shadow imp (D:7)
  8 worms
  2 adder skeletons (D:8)
  4 giant geckos
  8 oozes
  25 orcs
  A ball python (D:3)
  2 bat skeletons
  7 giant cockroaches
  15 goblins
  8 hobgoblins
  9 jackals
  12 quokkas
  26 bats
  8 giant newts
  A jackal skeleton (D:3)
  26 kobolds
  A quokka zombie (D:8)
  23 rats
461 creatures vanquished.

Vanquished Creatures (others)
  3 yaks (IceCv)
  2 wolves (IceCv)
  A hobgoblin (D:2)
  4 jackals (D:2)
  2 rats (D:2)
  A fungus (Lair:3)
  A plant (Lair:3)
14 creatures vanquished.

Grand Total: 475 creatures vanquished

Notes
Turn   | Place    | Note
--------------------------------------------------------------
     0 | D:1      | DEFE, the Halfling Warper, began the quest for the Orb.
     0 | D:1      | Reached XP level 1. HP: 14/14 MP: 2/2
    59 | D:1      | Reached XP level 2. HP: 19/19 MP: 3/3
   580 | D:1      | Reached XP level 3. HP: 12/24 MP: 5/5
  1274 | D:2      | Reached XP level 4. HP: 20/30 MP: 6/6
  1698 | D:2      | Noticed Ijyb
  1808 | D:2      | Killed Ijyb
  1808 | D:2      | Reached skill level 4 in Short Blades
  1897 | D:2      | Noticed Jessica
  1915 | D:2      | Killed Jessica
  1915 | D:2      | Reached XP level 5. HP: 9/35 MP: 7/7
  2494 | D:2      | Learned a level 2 spell: Blink
  2497 | D:2      | Learned a level 2 spell: Shroud of Golubria
  3199 | D:3      | Reached skill level 5 in Short Blades
  3607 | D:3      | Reached XP level 6. HP: 42/42 MP: 9/9
  4732 | D:4      | Reached skill level 6 in Short Blades
  4732 | D:4      | Reached XP level 7. HP: 35/46 MP: 10/10
  5217 | D:4      | Reached skill level 7 in Short Blades
  5482 | D:4      | Reached XP level 8. HP: 33/54 MP: 11/11
  5588 | D:5      | Entered Level 5 of the Dungeon
  6030 | D:5      | Reached skill level 8 in Short Blades
  6286 | D:5      | Reached skill level 5 in Dodging
  6748 | D:6      | Noticed Emanloe's ghost (experienced GrBe)
  6909 | D:6      | Reached XP level 9. HP: 40/58 MP: 2/13
  6962 | D:6      | Reached skill level 9 in Short Blades
  7334 | D:6      | Reached skill level 5 in Throwing
  7343 | D:6      | Found a shattered altar of Ashenzari.
  7352 | D:6      | Became a worshipper of Ashenzari the Shackled
  7423 | D:6      | Killed Emanloe's ghost
  7423 | D:6      | Reached skill level 5 in Armour
  7511 | D:6      | Reached skill level 10 in Short Blades
  7657 | D:6      | Reached skill level 5 in Fighting
  8431 | D:7      | Reached XP level 10. HP: 43/66 MP: 12/14
  8780 | D:7      | Found a staircase to the Ecumenical Temple.
  8970 | D:7      | Noticed Dowan
  8971 | D:7      | Noticed Duvessa
  8988 | D:7      | Killed Duvessa
  9007 | D:7      | Killed Dowan
  9119 | D:7      | Reached skill level 11 in Short Blades
  9635 | D:7      | Found a basalt altar of Yredelemnul.
  9675 | D:8      | Identified the +6 mace of Ambiguity {crush, +Rage rElec Int-4 SInv}
 10715 | D:8      | Noticed Ngotmuk's ghost (experienced MiFi)
 10777 | D:8      | Killed Ngotmuk's ghost
 11585 | D:9      | Noticed a hill giant
 11609 | D:9      | Killed a hill giant
 11609 | D:9      | Reached skill level 12 in Short Blades
 11609 | D:9      | Reached XP level 11. HP: 66/72 MP: 1/15
 11645 | D:9      | Noticed Blork the orc
 11719 | D:9      | Killed Blork the orc
 11877 | D:9      | Noticed Edmund
 11951 | D:9      | Killed Edmund
 12718 | D:9      | Found a staircase to the Lair.
 12901 | D:10     | Entered Level 10 of the Dungeon
 13397 | D:10     | Reached skill level 13 in Short Blades
 13774 | D:10     | Noticed Erolcha
 13857 | Lair:1   | Entered Level 1 of the Lair of Beasts
 14367 | Lair:1   | Reached skill level 1 in Evocations
 14804 | Lair:2   | Noticed a griffon
 14822 | Lair:2   | Killed a griffon
 15139 | Lair:2   | Noticed an eight-headed hydra
 15148 | Lair:2   | Killed an eight-headed hydra
 15194 | Lair:2   | Acquired Ashenzari's first power
 15318 | Lair:2   | Reached XP level 12. HP: 78/81 MP: 17/17
 16219 | Lair:3   | Found a frozen archway.
 16235 | Lair:3   | Reached skill level 14 in Short Blades
 16403 | IceCv    | Entered an ice cave
 17110 | IceCv    | Noticed a death yak
 17125 | IceCv    | Killed a death yak
 18301 | IceCv    | Reached skill level 5 in Evocations
 18400 | IceCv    | Noticed a white draconian
 18400 | IceCv    | Noticed a death yak
 18410 | IceCv    | Killed a death yak
 18425 | IceCv    | Reached XP level 13. HP: 76/89 MP: 22/22
 18430 | IceCv    | Reached skill level 10 in Dodging
 18443 | IceCv    | HP: 3/89 [polar bear (13)]
 18443 | IceCv    | HP: 1/89 [polar bear (2)]
 19076 | Lair:3   | Noticed a seven-headed hydra
 19089 | Lair:3   | Noticed Snorg
 19089 | Lair:3   | Killed a seven-headed hydra
 19409 | Lair:3   | Reached skill level 10 in Armour
 20175 | Lair:3   | Killed Snorg
 20681 | D:11     | Found a staircase to the Orcish Mines.
 20705 | D:11     | HP: 2/90 [orc warrior/enchanted scimitar (13)]
 20707 | D:11     | Mangled by an orc warrior

Action                   |  1- 3 |  4- 6 |  7- 9 | 10-12 | 13-15 || total
-------------------------+-------+-------+-------+-------+-------++-------
Melee: Short sword       |   148 |   318 |       |       |       ||   466
       Rapier            |       |   179 |   613 |  1559 |   256 ||  2607
Throw: Tomahawk          |       |    13 |   102 |    74 |    24 ||   213
 Cast: Shroud of Golubri |       |       |     1 |       |       ||     1
       Blink             |       |       |    28 |    17 |     3 ||    48
 Abil: Evoke Berserk Rag |       |       |     2 |    15 |     6 ||    23
Evoke: Wand              |       |       |       |    34 |    11 ||    45
  Use: Potion            |       |     7 |     6 |     8 |     3 ||    24
       Scroll            |       |     5 |    11 |    11 |     3 ||    30
 Stab: Sleeping          |     1 |       |       |     2 |     1 ||     4
       Fleeing           |       |       |       |     1 |       ||     1
       Invisible         |       |       |       |     1 |       ||     1
  Eat: Chunk             |     1 |    13 |     9 |    16 |     8 ||    47
       Meat ration       |       |       |     2 |     1 |       ||     3
       Beef jerky        |       |       |     1 |     1 |       ||     2
       Pizza             |       |       |       |     3 |       ||     3
       Royal jelly       |       |       |       |     8 |     2 ||    10
       Fruit             |       |       |       |     3 |       ||     3
